 Dungeon Crawl Stone Soup version 0.25.0-3-gd7cc5688da (webtiles) character file.

Game seed: 1888526178882279743

20440 Froggeryz the Basher (level 12, -2/64 HPs)
             Began as a Gargoyle Fighter on June 15, 2020.
             Was the Champion of Okawaru.
             Killed by divine providence
             ... invoked by an orc priest
              (12 damage)
             ... on level 12 of the Dungeon.
             The game lasted 00:24:10 (13399 turns).

Froggeryz the Basher (Gargoyle Fighter)            Turns: 13399, Time: 00:24:10

Health: -2/64      AC: 21    Str: 25    XL:     12   Next: 79%
Magic:  12/12      EV:  9    Int:  9    God:    Okawaru [******]
Gold:   867        SH: 14    Dex:  7    Spells: 11/11 levels left

rFire    . . .     SeeInvis .   j - +0 morningstar
rCold    . . .     Gourm    .   c - +1 kite shield
rNeg     + . .     Faith    +   b - +0 scale mail
rPois    ∞         Spirit   .   (no helmet)
rElec    +         Reflect  .   B - scarf {repulsion}
rCorr    +         Harm     .   g - +0 pair of gloves
MR       .....                  s - +0 pair of boots
Stlth    ..........             y - amulet of faith
HPRegen  0.20/turn              e - ring of resist corrosion
MPRegen  0.13/turn              (no ring)

@: about to teleport, repel missiles
A: slimy green scales 1, clumsy 1, frail 1, negative energy resistance 1,
electricity resistance, unbreathing, petrification resistance, rot immunity,
MP-powered wands, AC +8
a: Heroism, Finesse, Renounce Religion


You were on level 12 of the Dungeon.
You worshipped Okawaru.
Okawaru was exalted by your worship.
You were near starving.

You visited 2 branches of the dungeon, and saw 13 of its levels.
You also visited: Ice Cave.

You collected 867 gold pieces.

Inventory:

Hand Weapons
 j - a +0 morningstar (weapon)
 l - a +1 whip of flaming
Missiles
 h - 2 javelins (quivered)
Armour
 b - a +0 scale mail (worn)
 c - a +1 kite shield (worn)
 g - a +0 pair of gloves (worn)
 s - a +0 pair of boots (worn)
 B - a scarf of repulsion (worn)
Jewellery
 e - a ring of resist corrosion (left hand)
 y - an amulet of faith (around neck)
Wands
 p - a wand of random effects (2)
 q - a wand of polymorph (19)
 v - a wand of acid (6)
 G - a wand of disintegration (21)
Scrolls
 a - a scroll of random uselessness {unknown}
 k - a scroll of holy word {unknown}
 m - 5 scrolls of identify
 t - 2 scrolls of magic mapping
 u - a scroll of enchant armour
 w - 2 scrolls of fog {unknown}
 D - a scroll of enchant weapon
 E - a scroll of amnesia
 F - a scroll of remove curse
Potions
 i - a potion of haste {unknown}
 n - a potion of brilliance
 r - a potion of lignification {unknown}
 x - a potion of stabbing {unknown}
 z - 2 potions of ambrosia {unknown}
 A - a potion of heal wounds {unknown}
 C - a potion of flight {unknown}
Miscellaneous
 o - a tin of tremorstones (3/3)
Comestibles
 f - 30 rations


   Skills:
 - Level 7.3 Fighting
 + Level 14.9 Maces & Flails
 - Level 6.8 Armour
 + Level 12.7 Shields


You had 11 spell levels left.
You didn't know any spells.
Your spell library contained the following spells:

 Spells                   Type           Power        Failure   Level  Hunger
 Magic Dart               Conj           #...         75%         1    ##.....
 Blink                    Tloc           N/A          87%         2    ###....
 Call Imp                 Summ           #.......     87%         2    ###....
 Slow                     Hex            #.......     87%         2    ###....
 Conjure Flame            Conj/Fire      #.......     98%         3    ####...
 Mephitic Cloud           Conj/Pois/Air  #.......     98%         3    ####...


Dungeon Overview and Level Annotations

Branches:
Dungeon (12/15)            Temple (1/1) D:5            Lair (0/6) D:11
    Orc (0/2) D:9           IceCv (visited)

Altars:
Ashenzari
Cheibriados
Dithmenos
Elyvilon
Fedhas
Gozag
Hepliaklqana
Kikubaaqudgha
Makhleb
Nemelex Xobeh
Okawaru
Qazlal
Ru
Sif Muna
Trog
Uskayaw
Vehumet
Wu Jian
Xom
Yredelemnul
Zin
The Shining One

Shops:
D:6 [

Annotations:
D:6 1 runed translucent door


Innate Abilities, Weirdness & Mutations

You are resistant to torment.
Your stone body is resilient. (AC +8)
You are immune to poison.
You resist negative energy. (rN+)
You are resistant to electric shocks. (rElec)
You can survive without breathing.
You are immune to petrification.
You are immune to rotting.
You are partially covered in slimy green scales. (AC +2)
You are clumsy. (Dex -2)
You are frail. (-10% HP)
You expend magic power (3 MP) to strengthen your wands.


Message History

You block the hungry ghost's attack.
You thump the orc wizard!
You kill the orc wizard!
Okawaru accepts your kill.
The orc priest calls down the wrath of Beogh upon you.
Beogh smites you!
* * * LOW HITPOINT WARNING * * *
You block the orc's attack. You block the wyvern skeleton's attack.
Unknown command.
As you read the scroll of teleportation, it crumbles to dust.
You feel strangely unstable. You block the hungry ghost's attack.
The orc warrior hits you from afar with a +0 glaive!
* * * LOW HITPOINT WARNING * * *
The wyvern skeleton bites you but does no damage.
The orc hits you but does no damage.
A phantom comes into view.
The orc hits you but does no damage.
The orc priest mumbles some strange prayers to Beogh against you.
Beogh smites you!
You die...

##. #####...# #......#.### ....
##....W..######.....##.#
..^..###.............#........#
.....†...†..).O...........#####
.....##...>.....###.......#
.... #.........#.........# ###
#........oo...##....#####
#......(ooW########.....#
##.......o@## #.....###
#........Z..##### #......#.
#.........#.....# #........
#.........####### #.<...##.
#.........# ########.
#.........# #. ##.......## #.
##.....## ## #######


You could see a two-headed ogre, a phantom, a hungry ghost, an orc warrior, 2
orc priests, 2 orcs and a wyvern skeleton.

Vanquished Creatures
  Snorg (D:10)
  A hydra (D:11)
  3 two-headed ogres
  Nergalle (D:9)
  Pikel (D:8)
  A manticore (D:11)
  2 cyclopes (D:8)
  2 centaur zombies
  A gargoyle (D:10)
  An ice devil (IceCv)
  4 trolls
  A hornet (D:7)
  A hippogriff (D:10)
  2 dream sheep (D:11)
  A vampire (D:10)
  2 wyverns
  A basilisk (D:8)
  13 yaks
  Grum (D:10)
  2 vampire mosquitoes (D:10)
  Menkaure (D:6)
  2 hungry ghosts (D:11)
  The ghost of TreeFish the Firebug, an amateur HuFE (D:3)
  An acid dragon (D:11)
  A soldier ant (D:10)
  3 water moccasins
  Duvessa (D:7)
  A swamp drake (D:11)
  A slave (D:8)
  11 ice beasts
  9 orc warriors
  A necrophage (D:10)
  5 ogres
  2 sky beasts
  4 black bears
  The ghost of peterlawrence the Shield-Bearer, an amateur MiFi (D:6)
  4 phantoms
  4 wolves (D:10)
  3 centaurs
  5 crocodiles
  Blork the orc (D:6)
  9 bullfrogs
  8 big kobolds
  Dowan (D:7)
  6 scorpions
  6 killer bees (D:10)
  3 wights (D:5)
  5 howler monkeys
  2 crimson imps
  2 bullfrog zombies
  7 hounds
  8 orc priests
  A jelly (D:6)
  3 bullfrog skeletons
  2 centaur skeletons
  5 iguanas
  5 worker ants
  Ijyb (D:5)
  12 orc wizards
  A worker ant zombie (D:11)
  A gnoll (D:5)
  A river rat (D:6)
  14 adders
  4 shadow imps
  An ooze (D:2)
  An adder zombie (D:5)
  An adder skeleton (D:9)
  4 worms
  A dart slug (D:2)
  4 leopard geckos
  64 orcs
  2 bats
  5 giant cockroaches
  8 hobgoblins
  11 jackals
  2 quokkas
  A frilled lizard (D:2)
  6 goblins
  16 kobolds
  A quokka skeleton (D:6)
  A quokka zombie (D:10)
  11 rats
351 creatures vanquished.

Vanquished Creatures (others)
  A slave (D:9)
  A crocodile (D:11)
  A bullfrog (D:11)
  A jelly (D:11)
4 creatures vanquished.

Grand Total: 355 creatures vanquished

Notes
Turn   | Place    | Note
-------+----------+-------------------------------------------
     0 | D:1      | Froggeryz the Gargoyle Fighter began the quest for the Orb.
     0 | D:1      | Reached XP level 1. HP: 14/14 MP: 1/1
    95 | D:1      | Reached XP level 2. HP: 9/19 MP: 2/2
   652 | D:1      | Reached skill level 3 in Maces & Flails
   910 | D:2      | Reached XP level 3. HP: 23/23 MP: 3/3
   981 | D:2      | Noticed a scorpion
   991 | D:2      | Killed a scorpion
   991 | D:2      | Reached skill level 4 in Maces & Flails
   991 | D:2      | Reached XP level 4. HP: 22/28 MP: 4/4
  1170 | D:2      | Found a radiant altar of Vehumet.
  1907 | D:3      | Reached skill level 5 in Maces & Flails
  1907 | D:3      | Reached XP level 5. HP: 31/32 MP: 5/5
  2024 | D:3      | Found a shimmering altar of Xom.
  2071 | D:3      | Found a runed translucent gate.
  2071 | D:3      | Noticed a big kobold
  2071 | D:3      | Noticed TreeFish's ghost (amateur HuFE)
  2072 | D:3      | Found a runed translucent gate.
  2072 | D:3      | Noticed a big kobold
  2073 | D:3      | Found a runed translucent gate.
  2286 | D:3      | Found a blossoming altar of Fedhas.
  2385 | D:3      | Gained mutation: You are frail. (-10% HP) [potion of
                  | mutation]
  2385 | D:3      | Gained mutation: You are partially covered in slimy green
                  | scales. (AC +2) [potion of mutation]
  2385 | D:3      | Gained mutation: You are clumsy. (Dex -2) [potion of
                  | mutation]
  2385 | D:3      | Gained mutation: You expend magic power (3 MP) to
                  | strengthen your wands. [potion of mutation]
  2391 | D:3      | Killed a big kobold
  2391 | D:3      | Reached skill level 6 in Maces & Flails
  2411 | D:3      | Killed TreeFish's ghost
  2411 | D:3      | Reached XP level 6. HP: 29/33 MP: 6/6
  2425 | D:3      | Reached skill level 7 in Maces & Flails
  2541 | D:4      | You fall into a shaft and drop 1 floor!
  2541 | D:5      | Entered Level 5 of the Dungeon
  2586 | D:5      | Reached XP level 7. HP: 30/36 MP: 7/7
  2696 | D:5      | Reached skill level 8 in Maces & Flails
  2740 | D:5      | Noticed Ijyb
  2742 | D:5      | Paralysed by Ijyb for 6 turns
  2760 | D:5      | Killed Ijyb
  2845 | D:5      | Reached skill level 9 in Maces & Flails
  2845 | D:5      | Reached XP level 8. HP: 34/41 MP: 8/8
  2882 | D:5      | Found a sparkling altar of Nemelex Xobeh.
  3008 | D:5      | Found a staircase to the Ecumenical Temple.
  3049 | Temple   | Entered the Ecumenical Temple
  3127 | Temple   | Became a worshipper of Warmaster Okawaru
  3478 | D:6      | Found a runed translucent door.
  3495 | D:6      | Found a runed translucent door.
  3496 | D:6      | Noticed peterlawrence's ghost (amateur MiFi)
  3584 | D:6      | Killed peterlawrence's ghost
  3584 | D:6      | Reached * piety under Okawaru
  3619 | D:6      | Reached skill level 10 in Maces & Flails
  3962 | D:6      | Reached skill level 5 in Fighting
  3962 | D:6      | Reached skill level 5 in Shields
  3962 | D:6      | Reached XP level 9. HP: 48/48 MP: 9/9
  4025 | D:6      | Noticed Blork the orc
  4037 | D:6      | Killed Blork the orc
  4069 | D:6      | Noticed Menkaure
  4095 | D:6      | Killed Menkaure
  4160 | D:6      | Reached ** piety under Okawaru
  4171 | D:6      | Found Uvyikk's Armour Emporium.
  4495 | D:7      | Noticed a hornet
  4531 | D:7      | Killed a hornet
  4710 | D:7      | Reached skill level 11 in Maces & Flails
  4743 | D:7      | Noticed a troll
  4748 | D:7      | Killed a troll
  4833 | D:7      | Noticed Dowan
  4939 | D:7      | Noticed Duvessa
  4961 | D:7      | Killed Duvessa
  4972 | D:7      | Killed Dowan
  5042 | D:7      | Found an ancient bone altar of Kikubaaqudgha.
  5045 | D:7      | Found a hazy altar of Hepliaklqana.
  5047 | D:7      | Found a basalt altar of Yredelemnul.
  5078 | D:7      | Reached *** piety under Okawaru
  5113 | D:7      | Reached XP level 10. HP: 40/54 MP: 10/10
  5844 | D:8      | Found a glowing silver altar of Zin.
  5989 | D:8      | Noticed a cyclops
  6016 | D:8      | Killed a cyclops
  6016 | D:8      | Reached skill level 12 in Maces & Flails
  6282 | D:8      | Noticed a cyclops
  6284 | D:8      | Reached **** piety under Okawaru
  6293 | D:8      | Noticed a catoblepas
  6767 | D:8      | Killed a cyclops
  6863 | D:8      | Found a basalt altar of Yredelemnul.
  7121 | D:9      | Reached skill level 5 in Armour
  7191 | D:9      | Found a staircase to the Orcish Mines.
  7555 | D:9      | Noticed a two-headed ogre
  7577 | D:9      | Killed a two-headed ogre
  7577 | D:9      | Reached ***** piety under Okawaru
  7577 | D:9      | Reached XP level 11. HP: 31/60 MP: 11/11
  7737 | D:9      | Found a shattered altar of Ashenzari.
  7803 | D:9      | Noticed Pikel
  7977 | D:8      | Killed Pikel
  8583 | D:10     | Entered Level 10 of the Dungeon
  8745 | D:10     | Reached skill level 13 in Maces & Flails
  8970 | D:10     | Received a gift from Okawaru
  8973 | D:10     | Got a distressingly furry chain mail {god gift}
  8974 | D:10     | Identified the +5 chain mail of Virtue {*Contam rF+ Int+4}
                  | (Okawaru gifted it to you on level 10 of the Dungeon)
  9366 | D:10     | Noticed Nergalle
  9515 | D:9      | Killed Nergalle
  9583 | D:10     | Reached skill level 10 in Shields
 10284 | D:10     | Noticed Grum
 10397 | D:10     | Killed Grum
 10907 | D:11     | Found a frozen archway.
 10907 | D:11     | Noticed a two-headed ogre
 11011 | D:11     | Reached XP level 12. HP: 59/64 MP: 12/12
 11110 | IceCv    | Entered an ice cave
 11414 | D:11     | Killed a two-headed ogre
 11414 | D:11     | Reached skill level 14 in Maces & Flails
 11645 | D:11     | Noticed a two-headed ogre
 11646 | D:11     | Noticed Snorg
 11673 | D:10     | Killed a two-headed ogre
 11935 | D:10     | Killed Snorg
 11935 | D:10     | Received a gift from Okawaru
 11941 | D:10     | Got a transparent helmet {god gift}
 11942 | D:10     | Identified the +1 helmet of Okawaru's Castigation {Harm
                  | Int+5} (Okawaru gifted it to you on level 10 of the
                  | Dungeon)
 12683 | D:11     | Reached ****** piety under Okawaru
 12713 | D:11     | Found a staircase to the Lair.
 12994 | D:11     | Noticed a three-headed hydra
 13005 | D:11     | Killed a three-headed hydra
 13397 | D:12     | Noticed a two-headed ogre
 13399 | D:12     | Killed from afar by an orc priest

Illustrated notes

Levels and vault maps discovered:
D:1:      ebering_trefoil_3fold, layout_basic, feat_on_display
D:2:      layout_loops_ring, marbit_many_paths
D:3:      minmay_recursive_quarters, layout_rooms, lemuel_crystal_altar,
          gammafunk_ghost_nasty_kobolds, corexii_shack, fedhas_altar_4
D:4:      layout_gridville, abandoned_shop, skrybe_limestone_x, minmay_cupped
D:5:      layout_loops_ring, kennysheep_little_box, temple_fountains,
          first_ration, cheibrodos_gnoll_hut, uniq_ijyb
D:6:      layout_gridville, ebering_ghost_sewer_f, serial_shops, shop,
          uniq_menkaure, uniq_blork_the_orc
D:7:      layout_gridville, grunt_temple_overflow_open,
          minmay_unpleasant_kobolds, uniq_duvessa
D:8:      minmay_the_grid_octo_triangle [minmay_the_grid_octo_77,
          minmay_the_grid_octo_prize_big_c, minmay_the_grid_octo_fat_diamond],
          layout_cave_pools, lemuel_crystal_altar, basic_altar
D:9:      layout_roguey, ashenzari_altar_1, erik_orc_3, uniq_pikel
D:10:     layout_roguey [special_room_orc], uniq_nergalle, uniq_grum
D:11:     layout_gridville, erik_lair_dragon, portal_ice_cave_entry_ice_beasts,
          hangedman_ranch [blue_anna_fruit_fields], uniq_snorg
D:12:     layout_rooms
Temple:   zaba_magenta_temple

Skill      XL: |  1  2  3  4  5  6  7  8  9 10 11 12 |
---------------+-------------------------------------+-----
Maces & Flails | 3 4 5 6 7 9 10 11 12 13 14 | 14.9
Shields        | 5 6 8 11 12 | 12.7
Fighting       | 5 6 7 |  7.3
Armour         | 5 6 |  6.8

Action                   |  1- 3 |  4- 6 |  7- 9 | 10-12 || total
-------------------------+-------+-------+-------+-------++-------
Melee: Flail             |    93 |    17 |     4 |       ||   114
       Whip              |       |   149 |   538 |  1439 ||  2126
       Morningstar       |       |       |       |   233 ||   233
Throw: Javelin           |     1 |       |     6 |     2 ||     9
       Throwing net      |       |       |       |     1 ||     1
Invok: Heroism           |       |       |       |     1 ||     1
Evoke: Wand              |       |       |     8 |     5 ||    13
       Tin of tremorston |       |       |       |     1 ||     1
  Use: Potion            |       |     4 |     2 |     3 ||     9
       Scroll            |       |     3 |       |    11 ||    14
 Stab: Paralysed         |       |       |    24 |       ||    24
       Petrified         |       |       |       |     6 ||     6
       Held in net/web   |       |       |       |     2 ||     2
       Petrifying        |       |       |       |     1 ||     1
       Confused          |       |       |       |     1 ||     1
  Eat: Chunk             |       |     5 |     9 |    25 ||    39
       Ration            |       |       |       |     2 ||     2
Armor: Scale mail        |    46 |    87 |   190 |   434 ||   757
Dodge: Dodged            |    40 |    50 |    93 |   287 ||   470
       Repelled          |       |       |       |     2 ||     2
Block: Kite shield       |    54 |    74 |   196 |   666 ||   990
